Maple Leafs vs Bruins
Created - 4 novembre 2014 at 19:08
Goals
|
| Maple Leafs |
0 |
0 |
2 |
2 |
| Bruins |
0 |
0 |
1 |
1 |
|
Shots
|
| Maple Leafs |
13 |
2 |
6 |
21 |
| Bruins |
7 |
3 |
13 |
23 |
|
1st period
No Goal
Penalties :
Scottie Upshall (Bos) for Tripping (Minor) at 18:02
2nd period
No Goal
Penalties :
Alexander Frolov (Tor) for Holding (Minor) at 0:57, Brendan Morrison (Tor) for Goalie Interference (Minor) at 11:14, Alexander Frolov (Tor) for Hooking (Minor) at 14:00
3rd period
1. Bruins , Sydney Crosby 7 (Mark Stuart, Wojtek Wolski) at 2:03
2. Maple Leafs , Rob Schremp 3 (Blake Comeau, Justin Abdelkader) at 9:02
3. Maple Leafs , Colby Armstrong 4 (Tobias Enstrom, Matt Pettinger) at 11:00
Penalties :
Justin Abdelkader (Tor) for Tripping (Minor) at 2:08, Brendan Morrison (Tor) for Holding (Minor) at 12:24, Sydney Crosby (Bos) for High sticking (Minor) at 16:06, Eric Lindros (Bos) for Tripping (Minor) at 18:49
Goalie Stats
Marc-André Fleury (Tor), 22 saves from 23 shots - (0,957), W, 7-8-1, 60:00 minutes
Evgeni Nabokov (Bos), 19 saves from 21 shots - (0,905), L, 7-7-1, 60:00 minutes
Players Stats for Maple Leafs
Player Name G A P +/- PIM S H SB GA TA FO MP PP MP PK MP
------------------------------------------------------------------------------------
Alex Goligoski 0 0 0 0 0 1 2 2 0 1 0/0 20:08 2:21 3:37
Alexander Frolov 0 0 0 -1 4 1 2 0 0 1 0/2 18:41 2:44 2:03
Blake Comeau 0 1 1 1 0 0 0 0 0 0 0/0 8:46 0:12 0:00
Braydon Coburn 0 0 0 1 0 0 3 0 0 0 0/0 19:26 0:00 3:37
Brendan Morrison 0 0 0 -1 4 0 0 1 0 0 4/8 15:51 2:12 0:11
Byron Bitz 0 0 0 -1 0 1 0 0 0 0 0/0 15:49 2:12 0:00
Claude Giroux 0 0 0 0 0 2 2 0 5 0 2/2 21:34 2:44 6:01
Colby Armstrong 1 0 1 1 0 2 1 0 0 0 1/1 9:59 0:00 0:00
Dion Phaneuf 0 0 0 1 0 0 1 0 1 1 0/0 26:57 2:47 6:18
Evgeni Malkin 0 0 0 0 0 5 0 0 1 1 15/32 21:29 2:44 5:56
Jamie McBain 0 0 0 0 0 0 1 0 0 1 0/0 15:29 2:21 0:00
Jordan Staal 0 0 0 1 0 1 1 0 0 1 0/4 13:28 0:12 2:51
Justin Abdelkader 0 1 1 0 2 1 3 0 0 0 0/0 13:57 0:12 1:00
Lubomir Visnovsky 0 0 0 0 0 1 0 0 0 1 0/0 12:55 0:00 0:00
Matt Pettinger 0 1 1 1 0 2 1 0 0 0 0/0 9:59 0:00 0:00
Rob Schremp 1 0 1 1 0 2 2 0 1 0 2/2 8:06 0:00 0:00
Steve Ott 0 0 0 1 0 2 2 0 1 0 0/0 12:21 2:12 1:48
Tobias Enstrom 0 1 1 0 0 0 0 1 0 0 0/0 25:05 2:47 6:18
Players Stats for Bruins
Player Name G A P +/- PIM S H SB GA TA FO MP PP MP PK MP
------------------------------------------------------------------------------------
Andrei Markov 0 0 0 -1 0 0 2 1 0 4 0/0 26:46 6:36 2:13
Andrew Alberts 0 0 0 -1 0 1 0 2 0 2 0/0 28:26 6:36 2:04
Christoph Schubert 0 0 0 0 0 1 0 0 0 0 0/0 11:08 0:10 0:26
Dainius Zubrus 0 0 0 -1 0 0 1 1 1 0 0/0 10:25 0:10 1:30
Dave Bolland 0 0 0 -1 0 2 1 0 0 0 3/4 13:52 4:33 0:32
Eric Lindros 0 0 0 -1 2 2 1 0 0 0 12/16 21:40 5:12 1:05
Jason Demers 0 0 0 0 0 0 0 0 0 0 0/0 15:55 3:19 0:17
Mark Stuart 0 1 1 0 0 1 0 0 0 0 0/0 20:51 3:19 2:38
Matt Cooke 0 0 0 0 0 0 0 0 0 0 1/1 0:11 0:00 0:00
Matt Hendricks 0 0 0 0 0 3 0 0 0 0 2/6 10:28 0:00 0:00
Richard Zednik 0 0 0 0 0 0 0 0 1 0 0/0 10:28 0:00 0:00
Ryan O'Byrne 0 0 0 0 0 0 1 1 0 1 0/0 17:31 0:00 2:38
Scottie Upshall 0 0 0 -1 2 1 0 0 1 1 0/0 16:51 4:33 0:46
Sydney Crosby 1 0 1 1 2 6 0 0 2 0 5/15 21:17 5:12 0:53
Victor Oreskovich 0 0 0 1 0 1 0 0 0 0 1/1 16:16 4:33 0:00
Viktor Stalberg 0 0 0 -1 0 1 1 0 1 0 1/1 14:55 0:10 0:12
Vitali Yachmenev 0 0 0 -1 0 0 1 1 0 1 0/0 16:18 0:00 2:37
Wojtek Wolski 0 1 1 1 0 4 1 1 1 0 2/7 21:31 5:12 2:41
3 Stars
1 - Marc-André Fleury (Tor)
2 - Rob Schremp (Tor)
3 - Colby Armstrong (Tor)
Power Play
Maple Leafs - 0 on 3 Attempt(s) - 0,00%
Bruins - 0 on 5 Attempt(s) - 0,00%
Penalty Kill
Maple Leafs - 5 on 5 Attempt(s) - 100,00%
- Score 0 goal in Penalty Kill
Bruins - 3 on 3 Attempt(s) - 100,00%
- Score 0 goal in Penalty Kill
Official
Referees : Sutherland Kelly and Kozari Steve
Linesman : Thor Nelson and Brian Mach
Game Notes
Matt Cooke is injured at 3:09 of 1st period (Sports Hernia)
Finance
Level 1 -- Attendance: 4201 (70,02%) -- Ticket Income 415 899 $
Level 2 -- Attendance: 3429 (68,58%) -- Ticket Income 202 311 $
Level 3 -- Attendance: 2000 (100,00%) -- Ticket Income 58 000 $
Level 4 -- Attendance: 4000 (100,00%) -- Ticket Income 76 000 $
Luxury Box -- Attendance: 783 (78,30%) -- Ticket Income 147 987 $
Game was played at the TD Banknorth Garden
Total Attendance: 14413 (80,07%)
Total Ticket Income: 900 197 $
Other Income: 135 030 $
Total Income: 1 035 227 $
Maple Leafs
5 vs 5 Forward
Center Left Wing Right Wing Time % Phy DF OF
1 Evgeni Malkin Justin Abdelkader Claude Giroux 40 1 2 2
2 Brendan Morrison Alexander Frolov Byron Bitz 30 1 2 2
3 Jordan Staal Matt Pettinger Colby Armstrong 20 1 2 2
4 Rob Schremp Steve Ott Blake Comeau 10 1 2 2
5 vs 5 Defense
Defense Defense Time % Phy DF OF
1 Dion Phaneuf Braydon Coburn 40 1 3 1
2 Alex Goligoski Tobias Enstrom 30 1 2 2
3 Lubomir Visnovsky Jamie McBain 20 1 2 2
4 Dion Phaneuf Tobias Enstrom 10 1 2 2
PowerPlay Forward
Center Left Wing Right Wing Time % Phy DF OF
1 Evgeni Malkin Alexander Frolov Claude Giroux 60 1 2 2
2 Brendan Morrison Steve Ott Byron Bitz 40 1 2 2
PowerPlay Defense
Defense Defense Time % Phy DF OF
1 Dion Phaneuf Tobias Enstrom 60 1 2 2
2 Alex Goligoski Jamie McBain 40 1 2 2
Penalty Kill 4 Players Forward
Center Wing Time % Phy DF OF
1 Evgeni Malkin Claude Giroux 60 1 2 2
2 Jordan Staal Alexander Frolov 40 1 2 2
Penalty Kill 4 Players Defense
Defense Defense Time % Phy DF OF
1 Dion Phaneuf Tobias Enstrom 60 1 2 2
2 Alex Goligoski Braydon Coburn 40 1 2 2
Penalty Kill - 3 Players Forward
Forward Time % Phy DF OF
1 Claude Giroux 60 1 2 2
2 Evgeni Malkin 40 1 2 2
Penalty Kill - 3 Players Defense
Defense Defense Time % Phy DF OF
1 Dion Phaneuf Tobias Enstrom 60 1 2 2
2 Alex Goligoski Braydon Coburn 40 1 2 2
4 vs 4 Forward
Center Wing Time % Phy DF OF
1 Evgeni Malkin Claude Giroux 60 1 2 2
2 Brendan Morrison Alexander Frolov 40 1 2 2
4 vs 4 Defense
Defense Defense Time % Phy DF OF
1 Dion Phaneuf Tobias Enstrom 60 1 2 2
2 Alex Goligoski Jamie McBain 40 1 2 2
Last Minutes Offensive
Center Left Wing Right Wing Defense Defense
Evgeni Malkin Alexander Frolov Claude Giroux Dion Phaneuf Tobias Enstrom
Last Minutes Defensive
Center Left Wing Right Wing Defense Defense
Evgeni Malkin Alexander Frolov Claude Giroux Dion Phaneuf Tobias Enstrom
Goaltenders
Starting : Marc-André Fleury
Backup : Niklas Backstrom
Extra Forwards
Normal : Jordan Staal, Claude Giroux, Byron Bitz - PP : Jordan Staal, Byron Bitz - PK : Steve Ott
Extra Defensemen
Normal : Tobias Enstrom, Dion Phaneuf, Lubomir Visnovsky - PP : Jamie McBain - PK : Braydon Coburn, Dion Phaneuf
Penalty Shots
Claude Giroux, Evgeni Malkin, Alexander Frolov, Brendan Morrison, Byron Bitz
Bruins
5 vs 5 Forward
Center Left Wing Right Wing Time % Phy DF OF
1 Sydney Crosby Wojtek Wolski Victor Oreskovich 40 1 2 2
2 Eric Lindros Viktor Stalberg Vitali Yachmenev 30 1 2 2
3 Dave Bolland Scottie Upshall Dainius Zubrus 20 1 2 2
4 Matt Hendricks Matt Cooke Richard Zednik 10 1 2 2
5 vs 5 Defense
Defense Defense Time % Phy DF OF
1 Andrew Alberts Andrei Markov 40 1 2 2
2 Ryan O'Byrne Mark Stuart 30 1 2 2
3 Jason Demers Christoph Schubert 20 1 2 2
4 Andrew Alberts Jason Demers 10 1 2 2
PowerPlay Forward
Center Left Wing Right Wing Time % Phy DF OF
1 Eric Lindros Wojtek Wolski Sydney Crosby 60 1 2 2
2 Dave Bolland Scottie Upshall Victor Oreskovich 40 1 2 2
PowerPlay Defense
Defense Defense Time % Phy DF OF
1 Andrew Alberts Andrei Markov 60 1 2 2
2 Jason Demers Mark Stuart 40 1 2 2
Penalty Kill 4 Players Forward
Center Wing Time % Phy DF OF
1 Wojtek Wolski Vitali Yachmenev 60 1 2 2
2 Sydney Crosby Eric Lindros 40 1 2 2
Penalty Kill 4 Players Defense
Defense Defense Time % Phy DF OF
1 Andrew Alberts Andrei Markov 60 1 2 2
2 Ryan O'Byrne Mark Stuart 40 1 2 2
Penalty Kill - 3 Players Forward
Forward Time % Phy DF OF
1 Wojtek Wolski 60 1 2 2
2 Eric Lindros 40 1 2 2
Penalty Kill - 3 Players Defense
Defense Defense Time % Phy DF OF
1 Andrew Alberts Andrei Markov 60 1 2 2
2 Ryan O'Byrne Mark Stuart 40 1 2 2
4 vs 4 Forward
Center Wing Time % Phy DF OF
1 Wojtek Wolski Eric Lindros 60 1 2 2
2 Sydney Crosby Scottie Upshall 40 1 2 2
4 vs 4 Defense
Defense Defense Time % Phy DF OF
1 Andrew Alberts Andrei Markov 60 1 2 2
2 Ryan O'Byrne Mark Stuart 40 1 2 2
Last Minutes Offensive
Center Left Wing Right Wing Defense Defense
Eric Lindros Wojtek Wolski Sydney Crosby Andrew Alberts Andrei Markov
Last Minutes Defensive
Center Left Wing Right Wing Defense Defense
Eric Lindros Wojtek Wolski Vitali Yachmenev Andrew Alberts Mark Stuart
Goaltenders
Starting : Evgeni Nabokov
Backup : Karri Ramo
Extra Forwards
Normal : Eric Lindros, Sydney Crosby, Wojtek Wolski - PP : Viktor Stalberg, Scottie Upshall - PK : Dainius Zubrus
Extra Defensemen
Normal : Jason Demers, Christoph Schubert, Ryan O'Byrne - PP : Jason Demers - PK : Christoph Schubert, Ryan O'Byrne
Penalty Shots
Wojtek Wolski, Eric Lindros, Sydney Crosby, Scottie Upshall, Matt Cooke
% Time on Ice - Maple Leafs
Lines # - Real PCT - Wanted PCT - Time Play
Normal Forward
1 - 29% - 40% - 12:59
2 - 31% - 30% - 13:50
3 - 22% - 20% - 9:59
4 - 18% - 10% - 8:06
Normal Defense
1 - 39% - 40% - 17:22
2 - 29% - 30% - 13:01
3 - 29% - 20% - 12:55
4 - 4% - 10% - 1:36
PP Forward
1 - 57% - 60% - 2:56
2 - 43% - 40% - 2:12
PP Defense
1 - 54% - 60% - 2:47
2 - 46% - 40% - 2:21
PK Forward
1 - 74% - 60% - 7:18
2 - 26% - 40% - 2:37
PK Defense
1 - 64% - 60% - 6:18
2 - 36% - 40% - 3:37
PK3 Forward
1 - 0% - 60%
2 - 0% - 40%
PK3 Defense
1 - 0% - 60%
2 - 0% - 40%
44 Forward
1 - 0% - 60%
2 - 0% - 40%
44 Defense
1 - 0% - 60%
2 - 0% - 40%
Last Minute Offensive - 0:00
Last Minute Defensive - 0:03
Total
Forward - 60:00
Defense - 60:00
|
% Time on Ice - Bruins
Lines # - Real PCT - Wanted PCT - Time Play
Normal Forward
1 - 27% - 40% - 12:20
2 - 31% - 30% - 13:50
3 - 19% - 20% - 8:19
4 - 23% - 10% - 10:28
Normal Defense
1 - 39% - 40% - 17:45
2 - 33% - 30% - 14:54
3 - 22% - 20% - 9:43
4 - 6% - 10% - 2:35
PP Forward
1 - 54% - 60% - 5:22
2 - 46% - 40% - 4:33
PP Defense
1 - 67% - 60% - 6:36
2 - 33% - 40% - 3:19
PK Forward
1 - 73% - 60% - 3:44
2 - 27% - 40% - 1:24
PK Defense
1 - 49% - 60% - 2:30
2 - 51% - 40% - 2:38
PK3 Forward
1 - 0% - 60%
2 - 0% - 40%
PK3 Defense
1 - 0% - 60%
2 - 0% - 40%
44 Forward
1 - 0% - 60%
2 - 0% - 40%
44 Defense
1 - 0% - 60%
2 - 0% - 40%
Last Minute Offensive - 0:00
Last Minute Defensive - 0:00
Total
Forward - 60:00
Defense - 60:00
|
Play by Play
1st period
0:01 of 1st period - Sydney Crosby wins face-off versus Evgeni Malkin in neutral zone.
1:15 of 1st period - Backhand shot by Claude Giroux.
1:15 of 1st period - Shot Misses the Net.
2:10 of 1st period - Off-side.
2:11 of 1st period - Eric Lindros wins face-off versus Evgeni Malkin in neutral zone.
2:19 of 1st period - Off-side.
2:20 of 1st period - Evgeni Malkin wins face-off versus Sydney Crosby in neutral zone.
2:23 of 1st period - Andrei Markov is hit by Justin Abdelkader and loses puck.
2:32 of 1st period - Snap shot by Evgeni Malkin.
2:32 of 1st period - Stopped by Evgeni Nabokov with a rebound.
2:34 of 1st period - Wrist shot by Evgeni Malkin.
2:34 of 1st period - Shot Misses the Net.
2:58 of 1st period - Snap shot by Dion Phaneuf.
2:58 of 1st period - Deflect By Evgeni Malkin.
2:58 of 1st period - Shot Misses the Net.
2:58 of 1st period - Puck is out of play.
2:59 of 1st period - Matt Cooke wins face-off versus Brendan Morrison in Bruins zone.
3:08 of 1st period - Matt Cooke is hit by Jamie McBain and loses puck.
3:09 of 1st period - Matt Cooke from Bruins is injured at 3:09 of 1st period (Sports Hernia).
3:10 of 1st period - Eric Lindros wins face-off versus Brendan Morrison in Bruins zone.
3:27 of 1st period - Snap shot by Vitali Yachmenev.
3:27 of 1st period - Deflect By Eric Lindros.
3:27 of 1st period - Shot Misses the Net.
3:27 of 1st period - Puck is out of play.
3:28 of 1st period - Matt Hendricks wins face-off versus Jordan Staal in Maple Leafs zone.
4:00 of 1st period - Wrist shot by Wojtek Wolski.
4:00 of 1st period - Stopped by Marc-André Fleury with a rebound.
4:57 of 1st period - Slapshot by Matt Pettinger.
4:57 of 1st period - Stopped by Evgeni Nabokov with a rebound.
4:59 of 1st period - Snap shot by Matt Pettinger.
4:59 of 1st period - Stopped by Evgeni Nabokov without a rebound.
5:00 of 1st period - Colby Armstrong wins face-off versus Matt Hendricks in Bruins zone.
5:03 of 1st period - Wrist shot by Jordan Staal.
5:03 of 1st period - Stopped by Evgeni Nabokov with a rebound.
5:05 of 1st period - Slapshot by Lubomir Visnovsky.
5:05 of 1st period - Stopped by Evgeni Nabokov with a rebound.
5:49 of 1st period - Wrist shot by Richard Zednik.
5:49 of 1st period - Shot Blocked by Tobias Enstrom.
5:51 of 1st period - Slapshot by Andrew Alberts.
5:51 of 1st period - Stopped by Marc-André Fleury without a rebound.
5:52 of 1st period - Evgeni Malkin wins face-off versus Sydney Crosby in Maple Leafs zone.
6:43 of 1st period - Wrist shot by Steve Ott.
6:43 of 1st period - Deflect By Mark Stuart.
6:43 of 1st period - Stopped by Evgeni Nabokov without a rebound.
6:44 of 1st period - Rob Schremp wins face-off versus Sydney Crosby in Bruins zone.
6:57 of 1st period - Wrist shot by Wojtek Wolski.
6:57 of 1st period - Stopped by Marc-André Fleury without a rebound.
6:58 of 1st period - Eric Lindros wins face-off versus Evgeni Malkin in Maple Leafs zone.
7:13 of 1st period - Slapshot by Evgeni Malkin.
7:13 of 1st period - Stopped by Evgeni Nabokov with a rebound.
7:31 of 1st period - Wrist shot by Wojtek Wolski.
7:31 of 1st period - Stopped by Marc-André Fleury with a rebound.
7:45 of 1st period - Wrist shot by Dainius Zubrus.
7:45 of 1st period - Shot Misses the Net.
8:11 of 1st period - Snap shot by Claude Giroux.
8:11 of 1st period - Shot Misses the Net.
9:03 of 1st period - Off-side.
9:04 of 1st period - Rob Schremp wins face-off versus Matt Hendricks in neutral zone.
9:07 of 1st period - Snap shot by Rob Schremp.
9:07 of 1st period - Shot Blocked by Andrei Markov.
9:15 of 1st period - Snap shot by Steve Ott.
9:15 of 1st period - Shot Misses the Net.
9:24 of 1st period - Icing by Sydney Crosby.
9:25 of 1st period - Evgeni Malkin wins face-off versus Matt Hendricks in Bruins zone.
9:38 of 1st period - Snap shot by Matt Hendricks.
9:38 of 1st period - Stopped by Marc-André Fleury with a rebound.
10:03 of 1st period - Snap shot by Matt Hendricks.
10:03 of 1st period - Shot Blocked by Alex Goligoski.
10:11 of 1st period - Snap shot by Sydney Crosby.
10:11 of 1st period - Stopped by Marc-André Fleury without a rebound.
10:12 of 1st period - Brendan Morrison wins face-off versus Eric Lindros in Maple Leafs zone.
10:39 of 1st period - Andrei Markov is hit by Claude Giroux and loses puck.
10:46 of 1st period - Snap shot by Evgeni Malkin.
10:46 of 1st period - Stopped by Evgeni Nabokov without a rebound.
10:47 of 1st period - Claude Giroux wins face-off versus Eric Lindros in Bruins zone.
10:58 of 1st period - Wrist shot by Claude Giroux.
10:58 of 1st period - Stopped by Evgeni Nabokov with a rebound.
11:02 of 1st period - Snap shot by Justin Abdelkader.
11:02 of 1st period - Stopped by Evgeni Nabokov without a rebound.
11:03 of 1st period - Sydney Crosby wins face-off versus Brendan Morrison in Bruins zone.
11:22 of 1st period - Victor Oreskovich is hit by Alexander Frolov and loses puck.
11:41 of 1st period - Snap shot by Eric Lindros.
11:41 of 1st period - Stopped by Marc-André Fleury without a rebound.
11:42 of 1st period - Viktor Stalberg wins face-off versus Evgeni Malkin in Maple Leafs zone.
12:09 of 1st period - Icing by Alexander Frolov.
12:10 of 1st period - Brendan Morrison wins face-off versus Sydney Crosby in Maple Leafs zone.
12:21 of 1st period - Snap shot by Brendan Morrison.
12:21 of 1st period - Shot Hit the Post.
12:31 of 1st period - Snap shot by Alexander Frolov.
12:31 of 1st period - Shot Blocked by Andrew Alberts.
12:33 of 1st period - Wrist shot by Alexander Frolov.
12:33 of 1st period - Stopped by Evgeni Nabokov without a rebound.
12:34 of 1st period - Eric Lindros wins face-off versus Evgeni Malkin in Bruins zone.
13:09 of 1st period - Snap shot by Dave Bolland.
13:09 of 1st period - Shot Misses the Net.
13:27 of 1st period - Snap shot by Byron Bitz.
13:27 of 1st period - Stopped by Evgeni Nabokov with a rebound.
13:59 of 1st period - Snap shot by Eric Lindros.
13:59 of 1st period - Shot Misses the Net.
14:01 of 1st period - Slapshot by Andrew Alberts.
14:01 of 1st period - Shot Misses the Net.
14:56 of 1st period - Slapshot by Evgeni Malkin.
14:56 of 1st period - Shot Misses the Net.
15:54 of 1st period - Colby Armstrong is hit by Andrei Markov and loses puck.
16:09 of 1st period - Wrist shot by Evgeni Malkin.
16:09 of 1st period - Shot Blocked by Vitali Yachmenev.
16:11 of 1st period - Slapshot by Alex Goligoski.
16:11 of 1st period - Shot Misses the Net.
16:17 of 1st period - Snap shot by Claude Giroux.
16:17 of 1st period - Stopped by Evgeni Nabokov with a rebound.
17:22 of 1st period - Andrew Alberts is hit by Rob Schremp.
17:32 of 1st period - Viktor Stalberg is hit by Claude Giroux and loses puck.
18:02 of 1st period - Minor Penalty to Scottie Upshall for Tripping.
18:03 of 1st period - Evgeni Malkin wins face-off versus Wojtek Wolski in Bruins zone.
18:35 of 1st period - Andrei Markov is hit by Steve Ott and loses puck.
18:56 of 1st period - Snap shot by Sydney Crosby.
18:56 of 1st period - Shot Misses the Net.
19:57 of 1st period - Dainius Zubrus is hit by Justin Abdelkader and loses puck.
Goals for this period are 0 for Maple Leafs vs 0 for Bruins.
Shots for this period are 13 for Maple Leafs vs 7 for Bruins.
2nd period
0:01 of 2nd period - Evgeni Malkin wins face-off versus Wojtek Wolski in neutral zone.
0:02 of 2nd period - Penalty to Scottie Upshall is over, Scottie Upshall is back on ice.
0:04 of 2nd period - Snap shot by Claude Giroux.
0:04 of 2nd period - Shot Hit the Post.
0:06 of 2nd period - Slapshot by Alexander Frolov.
0:06 of 2nd period - Deflect By Evgeni Malkin.
0:06 of 2nd period - Shot Misses the Net.
0:06 of 2nd period - Puck is out of play.
0:07 of 2nd period - Evgeni Malkin wins face-off versus Wojtek Wolski in Bruins zone.
0:22 of 2nd period - Wrist shot by Evgeni Malkin.
0:22 of 2nd period - Stopped by Evgeni Nabokov without a rebound.
0:23 of 2nd period - Evgeni Malkin wins face-off versus Sydney Crosby in Bruins zone.
0:57 of 2nd period - Minor Penalty to Alexander Frolov for Holding.
0:58 of 2nd period - Eric Lindros wins face-off versus Evgeni Malkin in Maple Leafs zone.
2:57 of 2nd period - Penalty to Alexander Frolov is over, Alexander Frolov is back on ice.
3:05 of 2nd period - Slapshot by Matt Hendricks.
3:05 of 2nd period - Stopped by Marc-André Fleury with a rebound.
3:58 of 2nd period - Snap shot by Brendan Morrison.
3:58 of 2nd period - Shot Blocked by Wojtek Wolski.
4:16 of 2nd period - Jason Demers is hit by Braydon Coburn.
4:42 of 2nd period - Andrew Alberts is hit by Steve Ott and loses puck.
5:09 of 2nd period - Icing by Sydney Crosby.
5:10 of 2nd period - Matt Hendricks wins face-off versus Brendan Morrison in Bruins zone.
6:05 of 2nd period - Snap shot by Rob Schremp.
6:05 of 2nd period - Stopped by Evgeni Nabokov with a rebound.
8:07 of 2nd period - Off-side.
8:08 of 2nd period - Sydney Crosby wins face-off versus Evgeni Malkin in neutral zone.
8:19 of 2nd period - Slapshot by Sydney Crosby.
8:19 of 2nd period - Shot Misses the Net.
9:44 of 2nd period - Wojtek Wolski is hit by Jordan Staal and loses puck.
9:55 of 2nd period - Jason Demers is hit by Alex Goligoski and loses puck.
11:14 of 2nd period - Minor Penalty to Brendan Morrison for Goalie Interference.
11:15 of 2nd period - Eric Lindros wins face-off versus Evgeni Malkin in Maple Leafs zone.
12:48 of 2nd period - Icing by Andrew Alberts.
12:49 of 2nd period - Eric Lindros wins face-off versus Jordan Staal in Bruins zone.
13:14 of 2nd period - Penalty to Brendan Morrison is over, Brendan Morrison is back on ice.
13:57 of 2nd period - Snap shot by Viktor Stalberg.
13:57 of 2nd period - Stopped by Marc-André Fleury with a rebound.
13:59 of 2nd period - Slapshot by Christoph Schubert.
13:59 of 2nd period - Stopped by Marc-André Fleury without a rebound.
14:00 of 2nd period - Brendan Morrison wins face-off versus Sydney Crosby in Maple Leafs zone.
14:00 of 2nd period - Minor Penalty to Alexander Frolov for Hooking.
14:01 of 2nd period - Eric Lindros wins face-off versus Evgeni Malkin in Maple Leafs zone.
14:04 of 2nd period - Snap shot by Wojtek Wolski.
14:04 of 2nd period - Deflect By Tobias Enstrom.
14:04 of 2nd period - Shot Misses the Net.
14:04 of 2nd period - Puck is out of play.
14:05 of 2nd period - Evgeni Malkin wins face-off versus Eric Lindros in Maple Leafs zone.
14:40 of 2nd period - Snap shot by Dave Bolland.
14:40 of 2nd period - Shot Misses the Net.
14:42 of 2nd period - Snap shot by Scottie Upshall.
14:42 of 2nd period - Shot Misses the Net.
16:00 of 2nd period - Penalty to Alexander Frolov is over, Alexander Frolov is back on ice.
16:22 of 2nd period - Slapshot by Brendan Morrison.
16:22 of 2nd period - Shot Blocked by Ryan O'Byrne.
17:54 of 2nd period - Andrei Markov is hit by Rob Schremp and loses puck.
18:45 of 2nd period - Mark Stuart is hit by Matt Pettinger and loses puck.
19:25 of 2nd period - Blake Comeau is hit by Vitali Yachmenev and loses puck.
19:34 of 2nd period - Slapshot by Viktor Stalberg.
19:34 of 2nd period - Shot Misses the Net.
Goals for this period are 0 for Maple Leafs vs 0 for Bruins.
Shots for this period are 2 for Maple Leafs vs 3 for Bruins.
3rd period
0:01 of 3rd period - Evgeni Malkin wins face-off versus Sydney Crosby in neutral zone.
0:10 of 3rd period - Dion Phaneuf is hit by Andrei Markov and loses puck.
0:25 of 3rd period - Andrei Markov is hit by Dion Phaneuf and loses puck.
0:52 of 3rd period - Slapshot by Steve Ott.
0:52 of 3rd period - Stopped by Evgeni Nabokov with a rebound.
1:51 of 3rd period - Wrist shot by Sydney Crosby.
1:51 of 3rd period - Stopped by Marc-André Fleury without a rebound.
1:52 of 3rd period - Victor Oreskovich wins face-off versus Alexander Frolov in Maple Leafs zone.
1:53 of 3rd period - Wrist shot by Wojtek Wolski.
1:53 of 3rd period - Shot Blocked by Alex Goligoski.
1:55 of 3rd period - Snap shot by Sydney Crosby.
1:55 of 3rd period - Shot Misses the Net.
1:57 of 3rd period - Wrist shot by Wojtek Wolski.
1:57 of 3rd period - Shot Misses the Net.
1:59 of 3rd period - Slapshot by Ryan O'Byrne.
1:59 of 3rd period - Deflect By Wojtek Wolski.
1:59 of 3rd period - Stopped by Marc-André Fleury with a rebound.
2:01 of 3rd period - Slapshot by Mark Stuart.
2:01 of 3rd period - Shot Blocked by Brendan Morrison.
2:03 of 3rd period - Wrist shot by Sydney Crosby.
2:03 of 3rd period - Deflect By Brendan Morrison.
2:03 of 3rd period - Goal by Sydney Crosby - Maple Leafs : 0 - Bruins : 1.
2:04 of 3rd period - Sydney Crosby wins face-off versus Evgeni Malkin in neutral zone.
2:08 of 3rd period - Minor Penalty to Justin Abdelkader for Tripping.
2:09 of 3rd period - Evgeni Malkin wins face-off versus Eric Lindros in Maple Leafs zone.
2:19 of 3rd period - Slapshot by Evgeni Malkin.
2:19 of 3rd period - Stopped by Evgeni Nabokov without a rebound.
2:20 of 3rd period - Eric Lindros wins face-off versus Evgeni Malkin in Bruins zone.
2:37 of 3rd period - Snap shot by Sydney Crosby.
2:37 of 3rd period - Stopped by Marc-André Fleury without a rebound.
2:38 of 3rd period - Dave Bolland wins face-off versus Evgeni Malkin in Maple Leafs zone.
4:08 of 3rd period - Penalty to Justin Abdelkader is over, Justin Abdelkader is back on ice.
4:12 of 3rd period - Justin Abdelkader is hit by Dave Bolland and loses puck.
5:16 of 3rd period - Matt Pettinger is hit by Ryan O'Byrne and loses puck.
5:27 of 3rd period - Dainius Zubrus is hit by Braydon Coburn and loses puck.
6:17 of 3rd period - Mark Stuart is hit by Alex Goligoski and loses puck.
7:01 of 3rd period - Byron Bitz is hit by Dainius Zubrus and loses puck.
7:44 of 3rd period - Lubomir Visnovsky is hit by Eric Lindros and loses puck.
8:19 of 3rd period - Snap shot by Jamie McBain.
8:19 of 3rd period - Shot Misses the Net.
9:02 of 3rd period - Snap shot by Rob Schremp.
9:02 of 3rd period - Goal by Rob Schremp - Maple Leafs : 1 - Bruins : 1.
9:03 of 3rd period - Evgeni Malkin wins face-off versus Sydney Crosby in neutral zone.
9:28 of 3rd period - Wrist shot by Scottie Upshall.
9:28 of 3rd period - Stopped by Marc-André Fleury with a rebound.
9:30 of 3rd period - Backhand shot by Dave Bolland.
9:30 of 3rd period - Stopped by Marc-André Fleury without a rebound.
9:31 of 3rd period - Brendan Morrison wins face-off versus Dave Bolland in Maple Leafs zone.
9:36 of 3rd period - Slapshot by Alex Goligoski.
9:36 of 3rd period - Stopped by Evgeni Nabokov with a rebound.
9:38 of 3rd period - Slapshot by Alex Goligoski.
9:38 of 3rd period - Shot Blocked by Dainius Zubrus.
9:40 of 3rd period - Wrist shot by Alexander Frolov.
9:40 of 3rd period - Shot Misses the Net.
9:56 of 3rd period - Backhand shot by Mark Stuart.
9:56 of 3rd period - Stopped by Marc-André Fleury without a rebound.
9:57 of 3rd period - Wojtek Wolski wins face-off versus Jordan Staal in Maple Leafs zone.
9:58 of 3rd period - Wrist shot by Sydney Crosby.
9:58 of 3rd period - Shot Hit the Post.
10:03 of 3rd period - Off-side.
10:04 of 3rd period - Evgeni Malkin wins face-off versus Sydney Crosby in neutral zone.
10:16 of 3rd period - Sydney Crosby is hit by Braydon Coburn.
10:56 of 3rd period - Wrist shot by Colby Armstrong.
10:56 of 3rd period - Stopped by Evgeni Nabokov with a rebound.
10:58 of 3rd period - Snap shot by Tobias Enstrom.
10:58 of 3rd period - Shot Blocked by Andrew Alberts.
11:00 of 3rd period - Wrist shot by Colby Armstrong.
11:00 of 3rd period - Goal by Colby Armstrong - Maple Leafs : 2 - Bruins : 1.
11:01 of 3rd period - Sydney Crosby wins face-off versus Evgeni Malkin in neutral zone.
11:06 of 3rd period - Wrist shot by Sydney Crosby.
11:06 of 3rd period - Stopped by Marc-André Fleury without a rebound.
11:07 of 3rd period - Wojtek Wolski wins face-off versus Evgeni Malkin in Maple Leafs zone.
11:08 of 3rd period - Snap shot by Sydney Crosby.
11:08 of 3rd period - Stopped by Marc-André Fleury with a rebound.
11:20 of 3rd period - Snap shot by Claude Giroux.
11:20 of 3rd period - Shot Misses the Net.
11:34 of 3rd period - Slapshot by Eric Lindros.
11:34 of 3rd period - Stopped by Marc-André Fleury without a rebound.
11:35 of 3rd period - Eric Lindros wins face-off versus Alexander Frolov in Maple Leafs zone.
12:24 of 3rd period - Minor Penalty to Brendan Morrison for Holding.
12:25 of 3rd period - Dave Bolland wins face-off versus Evgeni Malkin in Maple Leafs zone.
12:32 of 3rd period - Icing by Scottie Upshall.
12:33 of 3rd period - Dave Bolland wins face-off versus Evgeni Malkin in Bruins zone.
12:46 of 3rd period - Snap shot by Dave Bolland.
12:46 of 3rd period - Stopped by Marc-André Fleury without a rebound.
12:47 of 3rd period - Eric Lindros wins face-off versus Evgeni Malkin in Maple Leafs zone.
13:18 of 3rd period - Snap shot by Victor Oreskovich.
13:18 of 3rd period - Shot Misses the Net.
13:20 of 3rd period - Snap shot by Victor Oreskovich.
13:20 of 3rd period - Stopped by Marc-André Fleury without a rebound.
13:21 of 3rd period - Eric Lindros wins face-off versus Jordan Staal in Maple Leafs zone.
14:24 of 3rd period - Penalty to Brendan Morrison is over, Brendan Morrison is back on ice.
14:45 of 3rd period - Vitali Yachmenev is hit by Alexander Frolov and loses puck.
15:06 of 3rd period - Brendan Morrison is hit by Wojtek Wolski and loses puck.
15:24 of 3rd period - Christoph Schubert is hit by Colby Armstrong.
15:43 of 3rd period - Icing by Andrei Markov.
15:44 of 3rd period - Evgeni Malkin wins face-off versus Matt Hendricks in Bruins zone.
15:57 of 3rd period - Snap shot by Matt Hendricks.
15:57 of 3rd period - Stopped by Marc-André Fleury without a rebound.
15:58 of 3rd period - Evgeni Malkin wins face-off versus Sydney Crosby in Maple Leafs zone.
16:06 of 3rd period - Minor Penalty to Sydney Crosby for High sticking.
16:07 of 3rd period - Evgeni Malkin wins face-off versus Wojtek Wolski in Bruins zone.
18:06 of 3rd period - Penalty to Sydney Crosby is over, Sydney Crosby is back on ice.
18:12 of 3rd period - Vitali Yachmenev is hit by Justin Abdelkader and loses puck.
18:35 of 3rd period - Dion Phaneuf is hit by Viktor Stalberg.
18:49 of 3rd period - Minor Penalty to Eric Lindros for Tripping.
18:50 of 3rd period - Claude Giroux wins face-off versus Wojtek Wolski in Bruins zone.
Goals for this period are 2 for Maple Leafs vs 1 for Bruins.
Shots for this period are 6 for Maple Leafs vs 13 for Bruins.
Output by the SimonT Hockey Simulator (STHS) for François Prévost -- Original Page W3C XHTML 1.0 Valid